 Dungeon Crawl Stone Soup version 0.29-a0-542-g075992c915 (webtiles) character file.

Game seed: 10794846945899263935

1691 porpoise the Grave Robber (level 8, -4/65 HPs)
             Began as a Demonspawn Necromancer on June 4, 2022.
             Was an Initiate of Yredelemnul.
             Slain by Maggie
             ... wielding a +5 long sword of holy wrath
              (6 damage)
             ... on level 6 of the Dungeon on June 5, 2022.
             The game lasted 00:34:12 (7145 turns).

porpoise the Grave Robber (Demonspawn Necromancer)  Turns: 7145, Time: 00:34:17

Health: -4/65      AC:  7    Str:  9    XL:     8   Next: 72%
Magic:  15/15      EV: 17    Int: 19    God:    Yredelemnul [......]
Gold:   274        SH:  4    Dex: 19    Spells: 10/17 levels left

rFire   + . .      SeeInvis .   a - +1 short sword (venom)
rCold   + . .      Faith    .   H - +0 buckler
rNeg    + . .      Spirit   .   B - +0 robe {rN+}
rPois   +          Reflect  .   t - +2 hat
rElec   +          Harm     .   (no cloak)
rCorr   +          Rampage  .   g - +0 pair of gloves
Will    .....                   (no boots)
Stlth   +++.......              (no amulet)
HPRegen 0.20/turn               s - +6 ring of dexterity
MPRegen 0.14/turn               (no ring)

@: mighty, agile, resistant, mesmerised, studying Bows
A: rugged brown scales 2, demonic guardian 1, powered by pain 2, weakness
stinger 1
a: Renounce Religion, Recall Undead Harvest


You were on level 6 of the Dungeon.
You worshipped Yredelemnul.
Yredelemnul was noncommittal.
You visited 1 branch of the dungeon, and saw 6 of its levels.

You collected 274 gold pieces.

Inventory:

Hand Weapons
 a - a +1 short sword of venom (weapon)
 b - a +0 hunting sling
 i - a +2 dagger of venom
 j - a +1 whip of freezing
 v - a +0 dagger of speed
Missiles
 f - 3 silver javelins
 h - 2 boomerangs
 x - 2 atropa-tipped darts
 D - 3 throwing nets
Armour
 g - a +0 pair of gloves (worn)
 t - a +2 hat (worn)
 B - a +0 robe of positive energy (worn)
 F - a +0 ring mail of poison resistance
 H - a +0 buckler (worn)
Magical Staves
 u - a staff of cold
Jewellery
 q - a ring of ice
 r - an amulet of faith
 s - a +6 ring of dexterity (left hand)
Scrolls
 d - a scroll of teleportation
 p - a scroll of brand weapon {unknown}
 w - a scroll of enchant armour {unknown}
 y - a scroll of poison {unknown}
 A - a scroll of torment {unknown}
 E - a scroll of immolation {unknown}
 K - a scroll of fear {unknown}
Potions
 e - 4 potions of mutation
 k - 5 potions of curing
 l - a potion of flight
 m - 3 potions of resistance
 n - a potion of magic
 o - a potion of invisibility
 z - a potion of ambrosia
 C - a potion of haste
 G - a potion of brilliance {unknown}
 I - a potion of cancellation {unknown}
 J - a potion of berserk rage {unknown}


   Skills:
 - Level 5.1 Fighting
 - Level 1.7 Dodging
 - Level 5.0 Stealth
 + Level 1.2 Shields
 - Level 5.0 Spellcasting
 + Level 2.9 Hexes
 - Level 7.0 Necromancy
 + Level 2.6 Fire Magic


You had 10 spell levels left.
You knew the following spells:

 Your Spells              Type           Power      Damage    Failure   Level
a - Necrotize             Necr           100%       1d9       1%          1
i - Inner Flame           Hex/Fire       15%        N/A       16%         3
v - Vampiric Draining     Necr           31%        2d8       2%          3

Your spell library contained the following spells:

 Spells                   Type           Power      Damage    Failure   Level
 Sandblast                Erth           8%         2d5       16%         1
 Passwall                 Tmut/Erth      3%         N/A       24%         2
 Agony                    Necr           31%        N/A       26%         5
 Stone Arrow              Conj/Erth      8%         3d7       43%         3
 Cause Fear               Hex            7%         N/A       45%         4
 Discord                  Hex            7%         N/A       100%        8
 Animate Dead             Necr           Unusable   N/A       N/A         4

Dungeon Overview and Level Annotations

Branches:
Dungeon (6/15)
 Temple: D:4-7

Altars:
Fedhas
Nemelex Xobeh
Ru
Trog
Vehumet
Yredelemnul

Annotations:
D:3 2 transporters, quokkamancerX's ghost, weakling HuHu
D:6 Maggie


Innate Abilities, Weirdness & Mutations

You are mostly covered in rugged brown scales. (AC +2, +5% HP)
A weak demonic guardian rushes to your aid.
You sometimes gain power by taking damage.
You have a small tail.


Message History

Your scorpion zombie hits Maggie.
Maggie closely misses you.
You hit Maggie.
Maggie is lightly wounded.
Your scorpion zombie barely misses Maggie.
Maggie closely misses you.
You hit Maggie.
Maggie looks as sick as possible!
Your tail-slap misses Maggie.
Maggie is lightly wounded.
Your scorpion zombie hits Maggie but does no damage.
Maggie hits you with a +5 long sword of holy wrath!
A demonic guardian appears!
You convulse!
* * * LOW HITPOINT WARNING * * *
Your scorpion zombie hits Maggie.
You hit Maggie but do no damage.
Maggie looks as sick as possible!
You tail-slap Maggie, but do no damage.
Maggie is moderately wounded.
Maggie hits you with a +5 long sword of holy wrath!
* * * LOW HITPOINT WARNING * * *
You convulse.
* * * LOW HITPOINT WARNING * * *
Your scorpion zombie completely misses Maggie.
You feel better.
Your ufetubus closely misses Maggie.
Your ufetubus hits Maggie but does no damage.
The orc completely misses your ufetubus.
Maggie hits your ufetubus with a +5 long sword of holy wrath!
Your ufetubus dies!
Your ufetubus disappears in a puff of smoke!
Your scorpion zombie hits Maggie.
You feel very mighty all of a sudden.
An orc comes into view. It is wielding a +0 whip.
Maggie completely misses you.
Your scorpion zombie hits Maggie but does no damage.
You puncture Maggie!
Maggie is heavily wounded.
The orc hits you with a +0 short sword.
* * * LOW HITPOINT WARNING * * *
Maggie hits you with a +5 long sword of holy wrath!
* * * LOW HITPOINT WARNING * * *
You convulse.
You die...
Your body rises from the dead as a mindless zombie.

#.##### # #.....# #.
#....<# #.. #.....#
#... #.....#
##....#####'########
.......)...........#
.......).)....Z....#
..............@@...#
..............§o...#
#...##...............o
.... #####............
... ##########... ..
.. .


You could see Maggie (mesmerising, extremely poisoned, ally target), 2 orcs and
a friendly scorpion zombie.

Vanquished Creatures
  Prince Ribbit (D:5)
  A human (D:3)
  A centaur (D:4)
  A bullfrog (D:6)
  2 water moccasin zombies (D:5)
  3 scorpions
  A killer bee (D:4)
  A bullfrog zombie (D:5)
  A jelly (D:5)
  2 orc priests (D:5)
  A gnoll shaman (D:4)
  A centaur skeleton (D:5)
  A hound (D:5)
  Jessica (D:3)
  3 bullfrog skeletons (D:5)
  2 scorpion zombies (D:5)
  Natasha (twice) (D:3)
  An orc wizard (D:5)
  Robin (D:3)
  6 gnolls
  10 adders
  A shadow imp (D:6)
  4 dart slugs
  7 orcs
  7 bats
  5 endoplasms
  3 giant cockroaches
  12 goblins
  12 hobgoblins
  8 kobolds
  3 quokkas
  8 ball pythons
  A goblin skeleton (D:3)
  A jackal skeleton (D:3)
  5 rats
120 creatures vanquished.

Vanquished Creatures (collateral kills)
  A phantom (D:5)
  A jelly (D:5)
  An orc priest (D:4)
  Natasha (D:3)
  A scorpion zombie (D:5)
  A hound skeleton (D:5)
  An adder (D:4)
  A dart slug (D:1)
  An orc (D:4)
  2 endoplasms (D:1)
  2 kobolds
13 creatures vanquished.

Vanquished Creatures (others)
  A wizard (D:4)
  2 gnoll zombies (D:4)
  A jelly zombie (D:5)
  4 adder zombies
  A ball python zombie (D:4)
  2 endoplasm zombies (D:4)
  A goblin zombie (D:4)
  A kobold zombie (D:4)
  3 orc zombies
16 creatures vanquished.

Grand Total: 149 creatures vanquished

Notes
Turn   | Place    | Note
-------+----------+-------------------------------------------
     0 | D:1      | porpoise the Demonspawn Necromancer began the quest for the
                  | Orb.
     0 | D:1      | Reached XP level 1. HP: 13/13 MP: 3/3
   382 | D:1      | Gained mutation: You are partially covered in rugged brown
                  | scales. (AC +1, +3% HP) [demonic ancestry]
   382 | D:1      | Reached XP level 2. HP: 14/20 MP: 0/5
   494 | D:1      | Found a faded altar of an unknown god.
   505 | D:1      | Reached skill level 1 in Fighting
   875 | D:1      | Gained mutation: You are mostly covered in rugged brown
                  | scales. (AC +2, +5% HP) [demonic ancestry]
   875 | D:1      | Reached XP level 3. HP: 21/27 MP: 4/6
   940 | D:1      | Learned a level 3 spell: Vampiric Draining
  1639 | D:2      | Reached skill level 5 in Necromancy
  1822 | D:2      | Found a blossoming altar of Fedhas.
  1927 | D:2      | Gained mutation: You sometimes gain a little power by
                  | taking damage. [demonic ancestry]
  1927 | D:2      | Reached XP level 4. HP: 34/34 MP: 6/8
  2149 | D:3      | Found a runed translucent door.
  2150 | D:3      | Noticed a human
  2160 | D:3      | Found a basalt altar of Yredelemnul.
  2202 | D:3      | Noticed quokkamancerX's ghost (weakling HuHu)
  2203 | D:3      | Noticed a scorpion
  2204 | D:3      | Found a transporter.
  2224 | D:3      | Noticed Natasha
  2228 | D:3      | Killed Natasha
  2246 | D:3      | Noticed Natasha
  2256 | D:3      | Killed Natasha
  2272 | D:3      | Noticed Natasha
  2275 | D:3      | Killed Natasha
  2276 | D:3      | Gained mutation: You have a small tail. [demonic ancestry]
  2276 | D:3      | Reached XP level 5. HP: 40/40 MP: 5/9
  2379 | D:3      | Found a transporter.
  2497 | D:3      | Found a radiant altar of Vehumet.
  2505 | D:3      | Noticed Jessica
  2509 | D:3      | Killed Jessica
  2792 | D:3      | Noticed Robin
  2797 | D:3      | Killed Robin
  3308 | D:3      | Killed a human
  3309 | D:3      | Reached skill level 6 in Necromancy
  3309 | D:3      | Gained mutation: A weak demonic guardian rushes to your
                  | aid. [demonic ancestry]
  3309 | D:3      | Reached XP level 6. HP: 28/50 MP: 2/10
  3448 | D:3      | Became a worshipper of Yredelemnul the Dark
  3757 | D:4      | Found a bloodstained altar of Trog.
  3759 | D:4      | Noticed a wizard
  3764 | D:4      | Killed a wizard
  3897 | D:4      | Learned a level 3 spell: Inner Flame
  4200 | D:4      | Reached * piety under Yredelemnul
  4503 | D:4      | Reached XP level 7. HP: 45/57 MP: 11/11
  4625 | D:4      | Reached skill level 7 in Necromancy
  4725 | D:4      | Reached skill level 5 in Fighting
  4973 | D:5      | Entered Level 5 of the Dungeon
  5720 | D:5      | Noticed Prince Ribbit
  5740 | D:5      | Killed Prince Ribbit
  5741 | D:5      | Reached skill level 5 in Spellcasting
  5741 | D:5      | Gained mutation: You sometimes gain power by taking damage.
                  | [demonic ancestry]
  5741 | D:5      | Reached XP level 8. HP: 40/65 MP: 15/15
  6052 | D:5      | Reached skill level 1 in Hexes
  6052 | D:5      | Reached skill level 1 in Fire Magic
  6391 | D:5      | Reached skill level 5 in Stealth
  6598 | D:5      | Found a sacrificial altar of Ru.
  6702 | D:5      | Found a sparkling altar of Nemelex Xobeh.
  7026 | D:6      | Noticed Maggie
  7038 | D:6      | Reached skill level 1 in Shields
  7145 | D:6      | HP: 2/65 [Maggie/+5 long sword of holy wrath (9)]
  7145 | D:6      | Slain by Maggie

Illustrated notes

Levels and vault maps discovered:
D:1:      zelgadis_glass_arrival_small, layout_rooms,
          ebering_ecumenical_altar_box, minmay_close_crescents
D:2:      layout_rooms, basic_altar
D:3:      layout_basic, dk_yredelemnul_ordeal, nicolae_vehumet_altar_sigil,
          gammafunk_ghost_arena, uniq_jessica, uniq_natasha, uniq_robin
D:4:      layout_basic, trog_wizard, minmay_manual_mullet
D:5:      layout_loops_ring, mainiacjoe_overflow_alcove_2,
          nicolae_ru_awakened_eye, serial_undead, serial_undead_d,
          serial_undead_d, serial_undead_c, serial_undead_e, uniq_prince_ribbit1
D:6:      layout_gridville, mainiacjoe_overflow_cross_hatched,
          minmay_temple_entry_butterflies, serial_shops, shop,
          nicolae_shop_bloodbath_and_beyond, nicolae_shop_advertising_works
          [nicolae_subvault_shop_adworks], nicolae_shop_hallway_stairs,
          nicolae_shop_hallway_stairs, kennysheep_generic_room_5, uniq_maggie

Skill      XL: |  1  2  3  4  5  6  7  8 |
---------------+-------------------------+-----
Fighting       | 1 2 4 5 |  5.1
Necromancy     | 5 6 7 |  7.0
Spellcasting   | 3 5 |  5.0
Stealth        | 4 5 |  5.0
Hexes          | 2 |  2.9
Fire Magic     | 2 |  2.6
Shields        | 1 |  1.2
Dodging        | |  1.7

Action                   |  1- 3 |  4- 6 |  7- 9 || total
-------------------------+-------+-------+-------++-------
Melee: Short sword       |    10 |    23 |    92 ||   125
       Punch             |     2 |       |     3 ||     5
       Whip              |     9 |       |       ||     9
       Dagger            |    18 |       |   116 ||   134
       Tailslap          |       |     3 |    33 ||    36
 Fire: Hunting sling     |    12 |    57 |    30 ||    99
 Cast: Necrotize         |    49 |    50 |     8 ||   107
       Vampiric Draining |       |     1 |     3 ||     4
Invok: Recall Undead Har |       |       |     2 ||     2
  Use: Scroll            |       |     4 |     4 ||     8
       Potion            |       |       |     3 ||     3
 Stab: Distracted        |     1 |       |     4 ||     5
       Sleeping          |       |       |     2 ||     2
Armor: Robe              |    21 |     7 |    67 ||    95
Dodge: Dodged            |    42 |    32 |   108 ||   182
Block: Buckler           |       |       |     1 ||     1

Table legend: (Time is in decaauts)
 A = Elapsed time spent in this place.
 B = Non-inter-level travel time spent in this place.
 C = Inter-level travel time spent in this place.
 D = Time resting spent in this place.
 E = Time spent auto-exploring this place.
 F = Levels seen in this place.
 G = Mean time per level.
                   A        B        C        D        E       F      G
               +--------+--------+--------+--------+--------+-----+--------+
         Total |   7165 |   6867 |    298 |   2511 |   3159 |   6 | 1194.2 |
       Dungeon |   7165 |   6867 |    298 |   2511 |   3159 |   6 | 1194.2 |
               +--------+--------+--------+--------+--------+-----+--------+

Top non-repeatable levels by time:
     D:5: 1874 daAuts
     D:4: 1536 daAuts
     D:1: 1459 daAuts
     D:3: 1390 daAuts
     D:2: 641 daAuts
     D:6: 262 daAuts
